[ AOE2 MATCH · #507079103 ]
UnrankedMaya vs Hindustanis
Player's team · WIN
[ REPLAY ANALYSIS · EXTRACTED FROM THE RECORDED GAME ]
Feudal
9:26
Castle
24:49
Imperial
—
| APM avg | 64.9 |
| APM peak | 109 |
| eAPM avg | 21.9 |
| Villagers / military | 85 / 55 |
Focus
⚔️ 30.9% · 🌾 69.1%
Archer ×46 · Militia ×4 · Eagle Scout ×3 · Skirmisher ×2
Feudal
9:36
Castle
30:03
Imperial
—
| APM avg | 40.3 |
| APM peak | 64 |
| eAPM avg | 16.5 |
| Villagers / military | 57 / 32 |
Focus
⚔️ 32.4% · 🌾 67.6%
Militia ×11 · Scout Cavalry ×11 · Skirmisher ×8 · Archer ×2
Match map
Initial resources + every placement click. Lines = walls · curves = elevation contours. ◆ gold · ⬟ stone · ● berries · ✦ relic · ◌ wall gap
Your base· ✓ Closed at 24:49 · 37t walls · 1 gate(s)
Failey's base· Open — 3t gap
Smoothed initial terrain · ◌ = detected wall gap · hover for details
Inputs per minute
— AGS.BlackKnight - - Failey
Build order — AGS.BlackKnight
First 150 of 234 actions detected
| 0:01 | Research | Loom |
| 0:01 | Create | Villager (Male) |
| 0:02 | Create | Villager (Male) |
| 0:04 | Build | House |
| 0:05 | Build | House |
| 0:10 | Create | Villager (Male) |
| 1:35 | Create | Villager (Male) |
| 1:51 | Create | Villager (Male) |
| 1:51 | Create | Villager (Male) |
| 1:56 | Build | House |
| 1:57 | Build | House |
| 2:12 | Build | Lumber Camp |
| 2:14 | Create | Villager (Male) |
| 2:46 | Create | Villager (Male) |
| 3:15 | Create | Villager (Male) |
| 3:15 | Create | Villager (Male) |
| 3:15 | Create | Villager (Male) |
| 3:39 | Create | Villager (Male) |
| 3:40 | Create | Villager (Male) |
| 3:40 | Create | Villager (Male) |
| 3:55 | Create | Villager (Male) |
| 4:25 | Create | Villager (Male) |
| 4:25 | Create | Villager (Male) |
| 4:25 | Create | Villager (Male) |
| 4:59 | Create | Villager (Male) |
| 5:00 | Create | Villager (Male) |
| 5:00 | Create | Villager (Male) |
| 5:11 | Create | Villager (Male) |
| 5:29 | Build | Mill |
| 5:40 | Create | Villager (Male) |
| 5:41 | Create | Villager (Male) |
| 6:40 | Create | Villager (Male) |
| 7:16 | Research | Feudal Age |
| 7:16 | Research | Feudal Age |
| 7:34 | Build | Barracks |
| 7:54 | Build | Mining Camp |
| 7:58 | Build | Palisade Wall |
| 8:18 | Create | Militia |
| 8:22 | Build | House |
| 8:23 | Build | Palisade Wall |
| 8:29 | Build | Palisade Wall |
| 8:30 | Build | Palisade Wall |
| 8:31 | Build | Palisade Wall |
| 8:32 | Build | Palisade Wall |
| 8:33 | Build | Palisade Wall |
| 8:42 | Create | Militia |
| 8:42 | Create | Militia |
| 9:05 | Create | Villager (Male) |
| 9:26 | Age | Feudal Age |
| 9:28 | Research | Man-at-Arms (upgrade) |
| 9:36 | Build | Archery Range |
| 9:43 | Create | Villager (Male) |
| 9:57 | Build | Palisade Wall |
| 10:11 | Create | Villager (Male) |
| 10:19 | Build | House |
| 10:24 | Create | Villager (Male) |
| 10:37 | Create | Militia |
| 10:48 | Create | Archer |
| 10:48 | Create | Archer |
| 10:55 | Build | House |
| 11:17 | Create | Villager (Male) |
| 12:16 | Create | Villager (Male) |
| 12:26 | Build | House |
| 12:28 | Build | House |
| 12:34 | Build | House |
| 12:41 | Build | House |
| 12:42 | Build | House |
| 13:44 | Create | Villager (Male) |
| 13:49 | Create | Archer |
| 13:50 | Create | Archer |
| 13:50 | Create | Archer |
| 14:24 | Create | Skirmisher |
| 14:32 | Create | Villager (Male) |
| 14:44 | Build | Farm |
| 14:45 | Build | Farm |
| 14:46 | Build | Farm |
| 15:01 | Create | Villager (Male) |
| 15:03 | Create | Archer |
| 15:08 | Build | Farm |
| 15:09 | Build | Farm |
| 15:33 | Create | Villager (Male) |
| 15:35 | Build | Farm |
| 15:45 | Research | Double-Bit Axe |
| 15:53 | Build | House |
| 15:54 | Build | House |
| 15:59 | Create | Villager (Male) |
| 16:01 | Create | Archer |
| 16:08 | Build | Palisade Wall |
| 16:14 | Build | Farm |
| 16:24 | Create | Villager (Male) |
| 16:26 | Create | Archer |
| 16:30 | Create | Eagle Scout |
| 16:30 | Create | Eagle Scout |
| 16:38 | Build | Farm |
| 16:49 | Build | Palisade Wall |
| 16:50 | Create | Villager (Male) |
| 16:53 | Create | Villager (Male) |
| 17:12 | Build | Lumber Camp |
| 17:14 | Create | Villager (Male) |
| 17:16 | Create | Archer |
| 17:45 | Create | Villager (Male) |
| 17:55 | Create | Villager (Male) |
| 18:16 | Create | Villager (Male) |
| 18:20 | Build | Blacksmith |
| 18:25 | Create | Villager (Male) |
| 18:27 | Create | Archer |
| 18:37 | Create | Villager (Male) |
| 18:42 | Build | Farm |
| 18:46 | Create | Villager (Male) |
| 18:47 | Build | Farm |
| 19:02 | Create | Eagle Scout |
| 19:11 | Create | Villager (Male) |
| 19:15 | Build | House |
| 19:17 | Build | Farm |
| 19:23 | Build | Farm |
| 19:31 | Create | Archer |
| 19:32 | Create | Archer |
| 20:04 | Create | Skirmisher |
| 20:05 | Create | Villager (Male) |
| 20:14 | Research | Fletching |
| 20:23 | Create | Villager (Male) |
| 20:40 | Create | Villager (Male) |
| 20:45 | Build | Farm |
| 20:46 | Build | Farm |
| 20:47 | Build | Farm |
| 20:49 | Build | Farm |
| 21:17 | Create | Archer |
| 21:27 | Build | Archery Range |
| 21:56 | Create | Archer |
| 22:02 | Build | Farm |
| 22:04 | Build | Farm |
| 22:09 | Research | Castle Age |
| 22:09 | Research | Castle Age |
| 22:10 | Research | Castle Age |
| 22:14 | Create | Archer |
| 22:14 | Create | Archer |
| 22:15 | Create | Archer |
| 22:42 | Create | Archer |
| 22:49 | Build | Palisade Gate |
| 22:52 | Research | Gold Mining |
| 23:14 | Create | Archer |
| 23:14 | Create | Archer |
| 23:56 | Research | Padded Archer Armor |
| 23:58 | Create | Archer |
| 24:29 | Create | Archer |
| 24:29 | Create | Archer |
| 24:30 | Create | Villager (Male) |
| 24:49 | Age | Castle Age |
| 24:50 | Build | Town Center |
| 24:52 | Research | Bodkin Arrow |
Build order — Failey
First 150 of 169 actions detected
| 0:00 | Create | Villager (Male) |
| 0:01 | Create | Villager (Male) |
| 0:02 | Build | House |
| 0:03 | Build | House |
| 0:18 | Create | Villager (Male) |
| 0:38 | Create | Villager (Male) |
| 0:38 | Create | Villager (Male) |
| 1:18 | Create | Villager (Male) |
| 1:18 | Create | Villager (Male) |
| 1:33 | Create | Villager (Male) |
| 1:34 | Create | Villager (Male) |
| 1:54 | Build | Lumber Camp |
| 2:04 | Create | Villager (Male) |
| 2:21 | Create | Villager (Male) |
| 3:07 | Create | Villager (Male) |
| 3:07 | Create | Villager (Male) |
| 3:13 | Build | House |
| 4:03 | Create | Villager (Male) |
| 4:07 | Create | Villager (Male) |
| 4:15 | Build | Mill |
| 4:25 | Create | Villager (Male) |
| 4:25 | Create | Villager (Male) |
| 4:57 | Create | Villager (Male) |
| 5:42 | Build | House |
| 5:51 | Create | Villager (Male) |
| 5:52 | Create | Villager (Male) |
| 5:55 | Research | Loom |
| 6:40 | Build | Barracks |
| 7:26 | Research | Feudal Age |
| 7:43 | Create | Militia |
| 8:09 | Create | Militia |
| 8:22 | Build | House |
| 9:36 | Age | Feudal Age |
| 9:39 | Research | Man-at-Arms (upgrade) |
| 9:45 | Build | Watch Tower |
| 9:49 | Create | Villager (Male) |
| 9:50 | Create | Militia |
| 9:56 | Build | Mining Camp |
| 10:08 | Create | Villager (Male) |
| 10:45 | Create | Villager (Male) |
| 10:52 | Create | Villager (Male) |
| 11:41 | Create | Villager (Male) |
| 11:41 | Create | Villager (Male) |
| 11:41 | Create | Villager (Male) |
| 11:59 | Create | Militia |
| 11:59 | Create | Villager (Male) |
| 12:06 | Build | Farm |
| 12:06 | Build | Farm |
| 12:07 | Build | Farm |
| 12:08 | Build | Farm |
| 12:09 | Build | Farm |
| 12:10 | Create | Militia |
| 12:42 | Create | Militia |
| 13:02 | Build | Palisade Wall |
| 13:16 | Build | Palisade Wall |
| 13:20 | Build | Palisade Wall |
| 13:24 | Build | Palisade Wall |
| 13:26 | Build | Palisade Wall |
| 13:30 | Build | Palisade Wall |
| 13:32 | Create | Villager (Male) |
| 13:38 | Create | Villager (Male) |
| 13:41 | Create | Militia |
| 13:42 | Create | Villager (Male) |
| 13:54 | Build | Palisade Wall |
| 14:00 | Build | Archery Range |
| 14:01 | Create | Villager (Male) |
| 14:13 | Build | Palisade Wall |
| 14:14 | Build | Palisade Wall |
| 14:17 | Create | Villager (Male) |
| 14:27 | Build | Farm |
| 14:29 | Build | Farm |
| 14:33 | Research | Double-Bit Axe |
| 14:34 | Create | Militia |
| 14:45 | Build | Palisade Wall |
| 14:46 | Build | Palisade Wall |
| 14:50 | Build | Palisade Wall |
| 14:51 | Build | Palisade Wall |
| 14:57 | Create | Villager (Male) |
| 15:03 | Create | Archer |
| 15:04 | Create | Archer |
| 15:06 | Create | Villager (Male) |
| 15:12 | Create | Villager (Male) |
| 15:33 | Create | Villager (Male) |
| 15:40 | Create | Villager (Male) |
| 15:48 | Build | House |
| 16:10 | Build | Blacksmith |
| 16:31 | Create | Skirmisher |
| 16:53 | Research | Fletching |
| 16:54 | Create | Skirmisher |
| 16:56 | Build | Farm |
| 17:01 | Create | Villager (Male) |
| 17:02 | Create | Villager (Male) |
| 17:17 | Build | Farm |
| 17:20 | Create | Skirmisher |
| 17:54 | Create | Skirmisher ×4 |
| 18:06 | Build | House |
| 18:15 | Create | Villager (Male) |
| 18:26 | Research | Padded Archer Armor |
| 18:26 | Create | Villager (Male) |
| 18:59 | Create | Villager (Male) |
| 19:04 | Create | Militia |
| 19:04 | Create | Militia |
| 19:26 | Research | Horse Collar |
| 19:32 | Build | Market |
| 20:10 | Create | Villager (Male) |
| 20:13 | Create | Villager (Male) |
| 20:35 | Create | Villager (Male) |
| 20:40 | Build | Farm |
| 20:44 | Build | Farm |
| 20:46 | Create | Militia |
| 20:53 | Create | Villager (Male) |
| 21:05 | Build | Palisade Wall |
| 21:06 | Build | Palisade Wall |
| 21:07 | Build | Palisade Wall |
| 21:08 | Build | Palisade Wall |
| 21:20 | Create | Villager (Male) |
| 21:22 | Build | Stable |
| 21:26 | Build | Farm |
| 21:49 | Research | Scale Barding Armor |
| 21:51 | Build | Stable |
| 22:04 | Build | Farm |
| 22:05 | Create | Scout Cavalry |
| 22:12 | Research | Forging |
| 22:29 | Create | Scout Cavalry |
| 22:35 | Build | Farm |
| 22:36 | Build | Farm |
| 22:41 | Create | Scout Cavalry |
| 22:45 | Create | Scout Cavalry |
| 22:55 | Create | Villager (Male) |
| 23:09 | Build | House |
| 23:12 | Create | Skirmisher |
| 23:20 | Create | Villager (Male) |
| 23:24 | Create | Scout Cavalry |
| 23:24 | Create | Villager (Male) |
| 23:30 | Research | Bloodlines |
| 23:44 | Build | House |
| 23:47 | Create | Villager (Male) |
| 23:52 | Create | Scout Cavalry |
| 24:20 | Create | Scout Cavalry |
| 24:21 | Create | Villager (Male) |
| 24:28 | Build | Farm |
| 24:40 | Create | Villager (Male) |
| 24:45 | Build | Farm |
| 24:47 | Build | Farm |
| 24:49 | Build | Farm |
| 24:57 | Build | Farm |
| 25:14 | Create | Villager (Male) |
| 25:38 | Research | Wheelbarrow |
| 25:53 | Build | Farm |
| 25:59 | Build | House |
Match timeline
| 6:40 | Failey · first_building Barracks |
| 7:34 | AGS.BlackKnight · first_building Barracks |
| 7:58 | AGS.BlackKnight · wall_segment Palisade Wall x4 |
| 8:23 | AGS.BlackKnight · wall_segment Palisade Wall x2 |
| 8:29 | AGS.BlackKnight · wall_segment Palisade Wall x1 |
| 8:30 | AGS.BlackKnight · wall_segment Palisade Wall x1 |
| 8:31 | AGS.BlackKnight · wall_segment Palisade Wall x1 |
| 8:32 | AGS.BlackKnight · wall_segment Palisade Wall x1 |
| 8:33 | AGS.BlackKnight · wall_segment Palisade Wall x1 |
| 9:26 | AGS.BlackKnight · age_up feudal |
| 9:36 | AGS.BlackKnight · first_building Archery Range |
| 9:36 | Failey · age_up feudal |
| 9:57 | AGS.BlackKnight · wall_segment Palisade Wall x8 |
| 13:02 | Failey · wall_segment Palisade Wall x1 |
| 13:16 | Failey · wall_segment Palisade Wall x1 |
| 13:20 | Failey · wall_segment Palisade Wall x1 |
| 13:24 | Failey · wall_segment Palisade Wall x1 |
| 13:26 | Failey · wall_segment Palisade Wall x1 |
| 13:30 | Failey · wall_segment Palisade Wall x1 |
| 13:54 | Failey · wall_segment Palisade Wall x1 |
| 14:00 | Failey · first_building Archery Range |
| 14:13 | Failey · wall_segment Palisade Wall x1 |
| 14:14 | Failey · wall_segment Palisade Wall x1 |
| 14:45 | Failey · wall_segment Palisade Wall x1 |
| 14:46 | Failey · wall_segment Palisade Wall x1 |
| 14:50 | Failey · wall_segment Palisade Wall x1 |
| 14:51 | Failey · wall_segment Palisade Wall x1 |
| 16:08 | AGS.BlackKnight · wall_segment Palisade Wall x7 |
| 16:49 | AGS.BlackKnight · wall_segment Palisade Wall x11 |
| 21:05 | Failey · wall_segment Palisade Wall x1 |
| 21:06 | Failey · wall_segment Palisade Wall x1 |
| 21:07 | Failey · wall_segment Palisade Wall x1 |
| 21:08 | Failey · wall_segment Palisade Wall x1 |
| 21:22 | Failey · first_building Stable |
| 21:46 | Failey · first_market_buy 100 food |
| 24:49 | AGS.BlackKnight · age_up castle |
| 27:35 | Failey · first_market_sell 100 wood |
| 30:03 | Failey · age_up castle |
| 31:07 | Failey · resign |
[ AI ANALYSIS · 1 CREDIT ]
What really happened in this match?
Wolo.gg analyzes every decision: build order, eco, micro, common mistakes by bracket. Personalized analysis on WhatsApp or Discord in 30 seconds.
Civ guide
Maya
Perfil
AGS.BlackKnight